 Dungeon Crawl Stone Soup version 0.27.1-16-g815e20cd7a (webtiles) character file.

Game seed: 4597656902551767783

198 zeram the Covert (level 5, 0/34 HPs)
             Began as an Octopode Brigand on Nov 22, 2021.
             Slain by an ufetubus (2 damage)
             ... on level 4 of the Dungeon.
             The game lasted 00:03:59 (3380 turns).

zeram the Covert (Octopode Brigand)                 Turns: 3380, Time: 00:04:00

Health: 0/34       AC:  1    Str: 11    XL:     5   Next: 76%
Magic:  5/5        EV: 12    Int: 14    God:
Gold:   164        SH:  5    Dex: 13    Spells: 4/4 levels left

rFire    . . .     SeeInvis .   a - +3 dagger
rCold    . . .     Faith    .   j - +1 buckler
rNeg     . . .     Spirit   .   (helmet restricted)
rPois    .         Reflect  .   (no amulet)
rElec    .         Harm     .   (no ring)
rCorr    .         Rampage  .   (no ring)
Will     .....                  (no ring)
Stlth    +++++.....             (no ring)
HPRegen  0.11/turn              (no ring)
MPRegen  0.09/turn              (no ring)
                                (no ring)
                                (no ring)

@: very slightly contaminated, invisible (expiring)
A: almost no armour, amphibious, 8 rings, camouflage 1, gelatinous body 1,
(nimble swimmer 1), tentacles
a: no special abilities


You were on level 4 of the Dungeon.
You visited 1 branch of the dungeon, and saw 4 of its levels.

You collected 164 gold pieces.

Inventory:

Hand Weapons
 a - a +3 dagger (weapon)
Missiles
 b - 16 poisoned darts (quivered)
 c - 2 curare-tipped darts
Armour
 j - a +1 buckler (worn)
Scrolls
 e - a scroll of blinking {unknown}
 f - a scroll of torment {unknown}


   Skills:
 - Level 2.0 Fighting
 - Level 2.0 Short Blades
 - Level 2.0 Throwing
 + Level 1.7 Dodging
 + Level 8.7 Stealth
 * Level 1.7 Shields


You had 4 spell levels left.
You didn't know any spells.
Your spell library contained the following spells:

 Spells                   Type           Power      Damage    Failure   Level
 Ignite Poison            Fire/Tmut/Pois 0%         N/A       75%         3
 Mephitic Cloud           Conj/Pois/Air  0%         N/A       75%         3
 Summon Guardian Golem    Hex/Summ       0%         N/A       75%         3
 Bolt of Magma            Conj/Fire/Erth 0%         4d4       100%        5
 Orb of Destruction       Conj           0%         N/A       100%        7
 Spellforged Servitor     Conj/Summ      0%         N/A       100%        7


Dungeon Overview and Level Annotations

Branches:
Dungeon (4/15)
 Temple: D:4-7

Altars:
Elyvilon


Innate Abilities, Weirdness & Mutations

You cannot wear most types of armour.
You are amphibious.
You can wear up to eight rings at the same time.
Your skin changes colour to match your surroundings (Stealth+).
Your rubbery body absorbs attacks. (AC +1, EV +1)
((You are camouflaged near water. (Stealth+)))
You have tentacles for arms and can constrict up to eight enemies at once.


Message History

You impale the orc!!
You kill the orc!
You closely miss the ufetubus. Your grab misses the ufetubus.
The ufetubus hits you. The ufetubus barely misses you.
You hit the ufetubus. Your grab misses the ufetubus.
The ufetubus is moderately wounded.
The adder bites you.
You are poisoned.
The adder poisons you! The ufetubus hits you. The ufetubus closely misses you.
The adder bites you.
You barely miss the ufetubus. Your grab misses the ufetubus.
The ufetubus is moderately wounded.
You feel sick.
The ufetubus hits you but does no damage.
You block the ufetubus's attack. The adder barely misses you.
The ufetubus hits you. The ufetubus misses you.
You feel sick. The ufetubus barely misses you. The ufetubus hits you.
You feel sick.
You feel sick.
You miss the ufetubus. You grab the ufetubus.
The ufetubus is moderately wounded.
You constrict the ufetubus.
You feel sick. The ufetubus barely misses you. The ufetubus hits you.
* * * LOW HITPOINT WARNING * * *
The ufetubus closely misses you. The ufetubus misses you.
Unknown command.
It was a potion of invisibility.
You fade into invisibility!
You constrict the ufetubus.
You feel sick.
You are no longer poisoned.
The ufetubus hits you.
* * * LOW HITPOINT WARNING * * *
The ufetubus hits you.
* * * LOW HITPOINT WARNING * * *
You are very lightly contaminated with residual magic.
You release your grip on the ufetubus.
You flicker for a moment.
The ufetubus misses you. The ufetubus closely misses you.
The ufetubus hits you.
You die...

#.# #.# #.#.....####...
##.#####.####.#####........ ..
#....).....##.........##### ...
#..........#.........## ....
#...............###.## #...##
#......)..(####.###..# ##..# .#.
#............##..###.###...# .#.
#......)...#.............# ...
#...............@5....#.######..(
#...<................##...S...)..
########.##..........#########..?
.##..........# ... .##....#######
... ....### ... ..## ... ... ...


You could see an ufetubus.

Vanquished Creatures
  2 hounds (D:4)
  Terence (D:3)
  An orc wizard (D:3)
  3 adders
  A worm (D:3)
  3 dart slugs
  3 orcs
  4 ball pythons
  3 endoplasms
  3 giant cockroaches
  4 goblins
  6 hobgoblins
  2 quokkas (D:2)
  4 bats
  A frilled lizard (D:2)
  7 kobolds
  A rat (D:2)
49 creatures vanquished.

Notes
Turn   | Place    | Note
-------+----------+-------------------------------------------
     0 | D:1      | zeram the Octopode Brigand began the quest for the Orb.
     0 | D:1      | Reached XP level 1. HP: 14/14 MP: 1/1
   386 | D:1      | Reached XP level 2. HP: 19/19 MP: 2/2
   482 | D:1      | Reached skill level 6 in Stealth
  1368 | D:2      | Found a white marble altar of Elyvilon.
  1369 | D:2      | Found a faded altar of an unknown god.
  1392 | D:2      | Reached XP level 3. HP: 24/24 MP: 3/3
  1736 | D:2      | Reached skill level 7 in Stealth
  1975 | D:3      | Reached XP level 4. HP: 29/29 MP: 4/4
  1986 | D:3      | Reached skill level 1 in Shields
  2248 | D:3      | Noticed Terence
  2534 | D:3      | Killed Terence
  2535 | D:3      | Reached skill level 8 in Stealth
  2647 | D:3      | Reached XP level 5. HP: 32/34 MP: 5/5
  3370 | D:4      | HP: 1/34 [ufetubus (4)]
  3380 | D:4      | Slain by an ufetubus

Illustrated notes

Levels and vault maps discovered:
D:1:      dpeg_arrival_fog, layout_loops_corners
D:2:      layout_basic, basic_altar, chequers_ecumenical_altar_simple_redux
D:3:      layout_rooms, uniq_terence
D:4:      layout_rooms, corexii_hall_statues_i, guppyfry_early_orc_mine

Skill      XL: |  1  2  3  4 |
---------------+-------------+-----
Stealth        | 6 7 8 |  8.7
Shields        | 1 |  1.7
Fighting       | |  2.0
Short Blades   | |  2.0
Throwing       | |  2.0
Dodging        | |  1.7

Action                   |  1- 3 |  4- 6 || total
-------------------------+-------+-------++-------
Melee: Dagger            |    50 |    62 ||   112
       Constrict         |     9 |    16 ||    25
       Tentacles         |     6 |    13 ||    19
  Use: Scroll            |       |     6 ||     6
       Potion            |       |     4 ||     4
 Stab: Sleeping          |    18 |     2 ||    20
Armor: Skin              |     3 |     4 ||     7
Dodge: Dodged            |    11 |    58 ||    69
Block: Buckler           |     1 |    18 ||    19
